AoeStats
← Zaissi

Nomad

510317674Analyzed
4v4 RM · 2d ago on Sep 30, 2026· 46m 10s· 8 players
Game mode
Random Map
Map size
231×231
Population
200
Speed
Normal
Resources
Standard
Victory
Conquest
Starting age
Dark Age
Ending age
Imperial Age
RankedLock teamsTeams togetherTeam positionsShared explorationLock speedFull tech treeHidden civsTurbo modeCheats
Victory
Defeat
🇻🇳 Koreans · Vietnam
1585
+13
1540
+14
1514
+16
🇨🇳 Saxons · China
1429
+18
🇨🇳 Persians · China
1524
-16
🇫🇮 Italians · Finland
1517
-16
🇦🇷 Slavs · Argentina
1503
-15
🇨🇳 Varangians · China
1479
-14
xinyuan.zhao22
9:02 Loom
13:01 Feudal Age
16:52 Castle Age
17:12 Double-Bit Axe
18:00 Scale Barding Armor
21:23 Fletching
26:46 Padded Archer Armor
28:34 Bow Saw
30:26 Wheelbarrow
31:58 Hand Cart
32:18 Gold Mining
36:25 Imperial Age
33:41 Town Watch
34:12 Stone Mining
34:25 Horse Collar
35:16 Forging
35:27 Chain Barding Armor
36:07 Vendel Legacy
37:16 Bloodlines
37:06 Husbandry
37:15 Cavalier
39:04 Iron Casting
39:33 Gambesons
40:54 Blast Furnace
NicoRespeto
8:44 Loom
14:47 Feudal Age
19:29 Castle Age
17:38 Horse Collar
18:11 Double-Bit Axe
19:18 Gold Mining
19:23 Stone Mining
20:38 Wheelbarrow
21:35 Bow Saw
25:08 Husbandry
25:25 Scale Barding Armor
25:30 Forging
26:40 Forging
27:34 Chain Barding Armor
29:13 Town Watch
30:16 Iron Casting
30:35 Bloodlines
31:07 Hand Cart
34:26 Detinets
34:26 Fletching
39:23 Imperial Age
Zaissi
12:58 Feudal Age
13:42 Double-Bit Axe
15:39 Loom
19:33 Castle Age
20:23 Demolition Ship
21:14 Medium Warships
20:55 Fletching
21:31 Bodkin Arrow
24:39 Town Watch
25:29 Wheelbarrow
27:10 Bow Saw
26:40 Horse Collar
30:55 Padded Archer Armor
31:30 Gold Mining
34:57 Imperial Age
37:31 Chemistry
38:49 Ballistics
38:31 Bracer
40:03 Stone Mining
41:14 Two-Man Saw
40:15 Heavy Plow
泡锅
20:43 Feudal Age
21:40 Double-Bit Axe
26:20 Castle Age
25:39 Horse Collar
26:38 Wheelbarrow
25:50 Loom
26:09 Stone Mining
27:36 Bow Saw
36:17 Gold Mining
37:02 Stone Shaft Mining
37:23 Heavy Plow
40:07 Imperial Age
38:05 Hand Cart
38:38 Gold Shaft Mining
39:16 Scale Barding Armor
39:21 Forging
39:21 Husbandry
39:32 Bloodlines
39:19 Town Watch
39:51 Cavalier
40:56 Chain Barding Armor
41:47 Conscription
42:10 Iron Casting
42:14 Savar
43:36 Plate Barding Armor
43:41 Crop Rotation
44:36 Blast Furnace
43:26 Fletching
44:49 Bodkin Arrow
ChangT
4:48 Loom
13:25 Feudal Age
17:42 Castle Age
15:37 Double-Bit Axe
16:28 Gold Mining
16:49 Fletching
17:53 Stone Mining
17:53 Fishing Lines
18:50 Bow Saw
21:41 Wheelbarrow
21:29 Bodkin Arrow
21:57 Town Watch
22:03 Town Watch
25:38 Gold Shaft Mining
27:40 Hand Cart
27:13 Horse Collar
28:15 Ballistics
32:35 Sanctity
37:42 Imperial Age
37:05 Forging
36:55 Scale Mail Armor
38:06 Stone Shaft Mining
38:25 Bracer
39:27 Two-Man Saw
38:49 Conscription
39:38 Chemistry
38:31 Elite War Wagon
40:53 Shinkichon
42:14 Iron Casting
41:55 Chain Mail Armor
42:14 Treadmill Crane
42:44 Masonry
42:53 Siege Engineers
44:46 Architecture
500分三高选手
4:51 Loom
14:32 Feudal Age
16:05 Fishing Lines
18:53 Castle Age
18:35 Double-Bit Axe
20:47 Horse Collar
26:09 Heavy Plow
28:48 Wheelbarrow
30:17 Hand Cart
34:00 Imperial Age
32:00 Bow Saw
32:36 Gold Mining
32:36 Stone Mining
33:12 Grand Trunk Road
33:28 Forging
33:18 Scale Mail Armor
35:02 Iron Casting
35:07 Conscription
34:07 Elite Ghulam
34:54 Squires
34:39 Arson
36:13 Gold Shaft Mining
36:13 Stone Shaft Mining
36:41 Two-Man Saw
37:01 Scale Barding Armor
37:12 Chain Mail Armor
37:57 Blast Furnace
40:06 Bloodlines
39:17 Heavy Camel Rider
39:58 Husbandry
40:23 Chain Barding Armor
41:52 Plate Barding Armor
41:00 Imperial Camel Rider
車
3:07 Loom
17:21 Feudal Age
19:04 Double-Bit Axe
23:09 Forging
25:00 Castle Age
22:48 Horse Collar
27:01 Medium Warships
28:06 Heavy Plow
31:07 Wheelbarrow
32:29 Scale Mail Armor
34:09 Squires
34:21 Gold Mining
34:21 Stone Mining
34:57 Bow Saw
34:56 Fishing Lines
35:43 Chain Mail Armor
36:03 Iron Casting
36:47 Hand Cart
36:59 Gillnets
42:18 Imperial Age
40:48 Gold Shaft Mining
40:43 Arson
41:56 Town Watch
42:34 Elite Hearth Troop
43:36 Conscription
42:38 Shield Wall
42:48 Elite Varangian Guard
45:01 Plate Mail Armor
45:13 Treadmill Crane
45:44 Masonry
46:34 Chemistry
Ares_Hong Bang- Trieu Dynasty
3:15 Loom
13:05 Feudal Age
14:40 Wheelbarrow
14:16 Double-Bit Axe
21:36 Castle Age
19:39 Stone Mining
21:17 Gold Mining
22:39 Hand Cart
23:15 Demolition Ship
24:38 Medium Warships
26:20 Bow Saw
26:33 Fletching
31:11 Horse Collar
33:02 Bodkin Arrow
36:08 Fishing Lines
37:41 Padded Archer Armor
42:06 Imperial Age
39:43 Heavy Plow
40:16 Ballistics
41:07 Leather Archer Armor
43:10 Paper Money
43:58 Two-Man Saw
43:33 Crop Rotation
43:08 Elite Rattan Archer
44:07 Bracer
45:41 Chemistry
45:42 Ring Archer Armor
45:23 Treadmill Crane
45:54 Masonry
46:33 Stone Shaft Mining
46:08 Gillnets
Connection lost

Rejoining the realm…

Still unreachable

The connection could not be restored.

Session expired

The server has moved on; the page needs a fresh start.